 Dungeon Crawl Stone Soup version 0.30-a0-728-gc68057be0a (webtiles) character file.

Game seed: 14694471590594154425

151 Legacy the Trooper (level 5, 0/78 HPs)
             Began as a Minotaur Berserker on Feb 1, 2023.
             Was a Believer of Trog.
             Slain by a lemure (8 damage)
             ... led by Pikel
             ... on level 4 of the Dungeon.
             The game lasted 00:06:42 (2700 turns).

Legacy the Trooper (Minotaur Berserker)             Turns: 2700, Time: 00:06:43

Health: 0/78       AC: 11    Str: 23    XL:     5   Next: 10%
Magic:  0/4        EV: 10    Int:  4    God:    Trog [**....]
Gold:   165        SH:  0    Dex: 10    Spells: 4/4 levels left

rFire   . . .      SeeInvis .    a - +0 hand axe
rCold   . . .      Faith    .    (no shield)
rNeg    . . .      Spirit   +    f - +1 scale mail
rPois   .          Reflect  .    (helmet restricted)
rElec   .          Harm     .    (no cloak)
rCorr   .          Rampage  .    (no gloves)
Will    .....                    (no boots) Stlth
                                 k - amulet of guardian spirit
HPRegen 0.33/turn                c - +4 ring of protection
MPRegen 0.09/turn                (no ring)

@: berserking, very quick
A: horns 2, retaliatory headbutt
a: Renounce Religion, Berserk, Trog's Hand


You were on level 4 of the Dungeon.
You worshipped Trog.
Trog was pleased with you.
You visited 1 branch of the dungeon, and saw 4 of its levels.

You collected 165 gold pieces.

Inventory:

Hand Weapons
 a - a +0 hand axe (weapon)
Armour
 b - a +0 animal skin
 f - a +1 scale mail (worn)
Jewellery
 c - a +4 ring of protection (left hand)
 k - an amulet of guardian spirit (around neck)
Wands
 j - a wand of flame (14)
 n - a wand of charming (9)
Scrolls
 g - a scroll of brand weapon
 h - a scroll of enchant weapon
 m - 5 scrolls of fog
Potions
 d - 2 potions of heal wounds {unknown}
 e - a potion of mutation {unknown}
 i - 2 potions of lignification {unknown}
 l - a potion of cancellation {unknown}
 o - 2 potions of curing {unknown}
 p - 3 potions of attraction {unknown}
 q - a potion of might {unknown}


   Skills:
 + Level 7.1 Fighting
 - Level 3.6 Axes
 - Level 2.4 Armour
 - Level 2.1 Dodging


You had 4 spell levels left.
You didn't know any spells.
Your spell library was empty.

Dungeon Overview and Level Annotations

Branches:
Dungeon (4/15)
 Temple: D:4-7

Altars:

Shops:
D:2 ?   D:3 =(=

Annotations:
D:4 Pikel


Innate Abilities, Weirdness & Mutations

You have a pair of horns on your head.
You reflexively headbutt those who attack you in melee.


Message History

You closely miss Pikel. You hit the lemure.
You hit the lemure but do no damage. x2
The lemure hits you but does no damage. x3
Pikel hits you with a +1 whip of freezing.
Pikel freezes you. The lemure hits you but does no damage.
The lemure closely misses you. The lemure hits you but does no damage.
Pikel hits you with a +1 whip of freezing.
Pikel freezes you.
You slash Pikel!
Pikel is lightly wounded.
You hit the lemure but do no damage. You barely miss the lemure.
You closely miss the lemure. The lemure barely misses you.
The lemure closely misses you. The lemure hits you but does no damage.
Pikel hits you with a +1 whip of freezing.
Pikel freezes you.
You closely miss Pikel.
Pikel is lightly wounded.
You barely miss the lemure. x2; You closely miss the lemure.
Pikel hits you with a +1 whip of freezing.
Pikel freezes you. The lemure closely misses you.
The lemure hits you but does no damage. The lemure hits you.
You hit Pikel.
Pikel is moderately wounded.
You hit the lemure. You closely miss the lemure. You hit the lemure.
Pikel hits you with a +1 whip of freezing!
Pikel freezes you. The lemure hits you. x2
* * * LOW HITPOINT WARNING * * *
The lemure barely misses you.
A red film seems to cover your vision as you go berserk!
You feel yourself moving faster!
You feel mighty! The lemure hits you.
* * * LOW HITPOINT WARNING * * *
The lemure hits you!
* * * LOW HITPOINT WARNING * * *
Pikel barely misses you. The lemure hits you.
* * * LOW HITPOINT WARNING * * *
You closely miss Pikel.
Pikel is moderately wounded.
You slash the lemure! You closely miss the lemure. You hit the lemure.
The lemure hits you but does no damage. The lemure hits you!
You die...

.. ... .## #......# ..##
##+###......# ...####
............# ......#
............# ......#
............##+##./....#
................K......#
...............5@5.....#
............$...5.......
........................
...................#....
......##'###.......# ...
......#....#.......# ..
......#....#........# .
......#....#........#
....>.#....######....


You could see Pikel and 3 lemures.

Vanquished Creatures
  A lemure (D:4)
  A hound (D:3)
  Terence (D:2)
  Ijyb (D:3)
  3 adders
  A worm (D:2)
  A ball python (D:2)
  3 endoplasms
  7 giant cockroaches
  3 goblins
  4 hobgoblins
  3 jackals (D:2)
  2 quokkas (D:1)
  4 bats
  2 frilled lizards (D:2)
  5 kobolds
  2 rats (D:2)
44 creatures vanquished.

Vanquished Creatures (others)
  7 plants (D:1)
  11 withered plants (D:1)
18 creatures vanquished.

Grand Total: 62 creatures vanquished

Notes
Turn   | Place    | Note
-------+----------+-------------------------------------------
     0 | D:1      | Legacy the Minotaur Berserker began the quest for the Orb.
     0 | D:1      | Reached XP level 1. HP: 19/19 MP: 0/0
   154 | D:1      | Found a faded altar of an unknown god.
   362 | D:1      | Reached skill level 4 in Fighting
   576 | D:1      | Reached XP level 2. HP: 28/28 MP: 1/1
  1145 | D:2      | Noticed Terence
  1161 | D:2      | Killed Terence
  1162 | D:2      | Reached skill level 5 in Fighting
  1162 | D:2      | Reached XP level 3. HP: 22/36 MP: 2/2
  1333 | D:2      | Found The Oracle's Delphic Readings.
  1404 | D:2      | Reached skill level 6 in Fighting
  1404 | D:2      | Reached XP level 4. HP: 41/44 MP: 3/3
  1808 | D:3      | Noticed Ijyb
  1827 | D:3      | Killed Ijyb
  1876 | D:3      | Reached ** piety under Trog
  1928 | D:3      | Found Jatoos's Jewellery Shop.
  2099 | D:3      | Reached skill level 7 in Fighting
  2099 | D:3      | Reached XP level 5. HP: 52/52 MP: 4/4
  2428 | D:3      | Found Idghei's Jewellery Boutique.
  2500 | D:3      | Found Naqiux's Weapon Emporium.
  2660 | D:4      | Noticed a lemure
  2677 | D:4      | Killed a lemure
  2689 | D:4      | Noticed a lemure
  2689 | D:4      | Noticed a lemure
  2691 | D:4      | Noticed a lemure
  2691 | D:4      | Noticed Pikel
  2700 | D:4      | Slain by a lemure

Illustrated notes

Levels and vault maps discovered:
D:1:      minmay_arrival_diagonal_passages, layout_loops_cross,
          shapermc_ecumenical_altar_flowoftime, roderic_lattice_a,
          corner_web_ring
D:2:      layout_rooms, nicolae_nh_oracle_at_delphi, uniq_terence
D:3:      layout_basic, serial_shops, nicolae_shop_statue_plus,
          nicolae_square_shop, shop, kennysheep_cross_room, uniq_ijyb
D:4:      cheibrodos_pilgrimage, layout_gridville, okawaru_altar_gauntlet_db,
          nicolae_ashenzari_panopticon, ebering_ghost_sewer_f,
          kennysheep_generic_room_3, uniq_pikel, uniq_duvessa

Skill      XL: |  1  2  3  4 |
---------------+-------------+-----
Fighting       | 4 5 6 7 |  7.1
Axes           | |  3.6
Armour         | |  2.4
Dodging        | |  2.1

Action                     |  1- 3 |  4- 6 || total
---------------------------+-------+-------++-------
  Melee: Hand axe          |    77 |    48 ||   125
         Headbutt          |    17 |     3 ||    20
         Punch             |     2 |     1 ||     3
 Invoke: Berserk           |     1 |     1 ||     2
    Use: Scroll            |     3 |     5 ||     8
 Armour: Animal skin       |     6 |       ||     6
         Scale mail        |    40 |    41 ||    81
  Dodge: Dodged            |    51 |    45 ||    96

Table legend: (Time is in decaauts)
 A = Elapsed time spent in this place.
 B = Non-inter-level travel time spent in this place.
 C = Inter-level travel time spent in this place.
 D = Time resting spent in this place.
 E = Time spent auto-exploring this place.
 F = Levels seen in this place.
 G = Mean time per level.
                   A        B        C        D        E       F      G
               +--------+--------+--------+--------+--------+-----+--------+
         Total |   2724 |   2232 |    492 |     52 |      0 |   4 |  681.0 |
       Dungeon |   2724 |   2232 |    492 |     52 |      0 |   4 |  681.0 |
               +--------+--------+--------+--------+--------+-----+--------+

Top non-repeatable levels by time:
     D:1: 1024 daAuts
     D:3: 818 daAuts
     D:2: 734 daAuts
     D:4: 147 daAuts
